 Dungeon Crawl Stone Soup version 0.20.1-1-g8b1a95d (webtiles) character file.

191 Jazqa the Skirmisher (level 5, -1/51 HPs)
             Began as a Naga Fighter on Oct 27, 2017.
             Slain by an ogre
             ... wielding a +0 giant spiked club
              (27 damage)
             ... on level 3 of the Dungeon.
             The game lasted 00:06:44 (2981 turns).

Jazqa the Skirmisher (Naga Fighter)                 Turns: 2981, Time: 00:06:45

Health: -1/51      AC:  6    Str: 18    XL:     5   Next: 70%
Magic:  14/14      EV:  5    Int:  9    God:
Gold:   143        SH:  8    Dex: 11    Spells: 4/4 levels left

rFire    . . .     SeeInvis +   a - +0 long sword
rCold    . . .     Gourm    .   c - +0 shield
rNeg     . . .     Faith    .   b - +0 scale mail
rPois    +         Spirit   .   d - +0 helmet
rElec    .         Reflect  .   p - scarf {repulsion}
rCorr    .         Harm     .   (no gloves)
MR       .....     Rnd*Tele +   (no barding)
Stlth    ..........             (no amulet)
Regen    0.2/turn               W - ring of magical power
MPRegen  0.2/turn               t - ring of teleportation (curse)

@: repel missiles, very slow
A: see invisible, deformed body, poison resistance, slowness 2, slow metabolism
1, spit poison 1, AC +1
a: Spit Poison


You were on level 3 of the Dungeon.
You were not hungry.

You visited 1 branch of the dungeon, and saw 3 of its levels.

You collected 143 gold pieces.


Innate Abilities, Weirdness & Mutations

You cannot wear boots.
Your serpentine skin is tough. (AC +1)
You have supernaturally acute eyesight. (SInv)
Armour fits poorly on your strangely shaped body.
Your system is resistant to poisons. (rPois)
You cover ground very slowly.
You have a slow metabolism.
You can spit poison.


   Skills:
 + Level 4.8 Fighting
 + Level 4.3 Long Blades
 - Level 2.4 Armour
 - Level 2.4 Shields


You had 4 spell levels left.
You didn't know any spells.

Inventory:

Hand Weapons
 a - a +0 long sword (weapon)
 j - a +0 short sword of venom
Armour
 b - a +0 scale mail (worn)
 c - a +0 shield (worn)
 d - a +0 helmet (worn)
 p - a scarf of repulsion (worn)
Jewellery
 t - a cursed ring of teleportation (right hand)
 W - a ring of magical power (left hand)
Scrolls
 n - a scroll of identify {@r1}
Potions
 e - a potion of lignification {!q}
 g - a potion of resistance {unknown}
 h - a potion of magic {unknown}
 k - a potion of haste {unknown}
 l - a potion of agility {unknown}
 m - a potion of berserk rage {unknown}
 o - a potion of flight {unknown}
 r - a potion of might
Comestibles
 f - a bread ration {@e1}
 i - 4 meat rations {@e1}

Dungeon Overview and Level Annotations

Branches:
Dungeon (3/15)

Altars:
Gozag
Hepliaklqana
Nemelex Xobeh
Okawaru
Zin

# ######## #### #.####
##......# #.. #....######
##.#.###.#
##.#######.@O...###.###.##.#
####.....#....#.......##
##....
♣P##.###.#.####.###.##.#
#.##.# ##♣≈...# #.#.#...##
###### ####.# #P≈♣...#
#...#.### 8# #.# #.≈≈≈#.#
#####.####8... .8###.#
.......######....##....
.###.#
######...........#⚑....
>#..# #)#######..###....
#...


You could see an ogre.


Message History

You enter the shallow water.
Moving in this stuff is going to be slow.
Found a scroll of identify.
As you read the scroll labeled MUOSKO OF QUT, it crumbles to dust.
You feel strangely unstable.
It was a scroll of teleportation.
Your surroundings suddenly seem different.
You see here a dagger.
You see here a club.
n - a scroll of identify {@r1} An ogre comes into view.
It is wielding a giant spiked club.
The ogre shouts!
An ogre is nearby!
An ogre is nearby!
An ogre is nearby!
You block the ogre's attack.
You barely miss the ogre.
The ogre hits you with a giant spiked club!
You barely miss the ogre. The ogre hits you but does no damage.
Unknown command.
You slash the ogre!
The ogre is moderately wounded.
You block the ogre's attack.
You slash the ogre!
The ogre is severely wounded.
The ogre hits you with a giant spiked club!
You hit the ogre.
The ogre is severely wounded.
The ogre hits you with a giant spiked club!!
Ouch! That really hurt!
You die...

Skill      XL: |  1  2  3  4  5 |
---------------+----------------+-----
Long Blades    | 3 4 |  4.3
Fighting       | 4 |  4.8
Armour         | |  2.4
Shields        | |  2.4

Action                   |  1- 3 |  4- 6 || total
-------------------------+-------+-------++-------
Melee: Long sword        |   125 |   130 ||   255
  Use: Potion            |     1 |       ||     1
       Scroll            |     4 |     2 ||     6
  Eat: Chunk             |     2 |     3 ||     5
Armor: Scale mail        |    55 |    49 ||   104
Dodge: Dodged            |    28 |    33 ||    61
       Deflected         |       |     1 ||     1
Block: Shield            |    68 |    75 ||   143
       Rpst.: Long sword |     9 |    12 ||    21

Vault maps used:
D:1:      lightli_arrival_maybe_door_vault, minmay_misc_feat_doors
D:2:      grunt_temple_overflow_gold_and_silver
D:3:      okawaru_ov_weapons_minmay, nemelex_xobeh_ov_fountains_minmay,
          nicolae_overflow_hidden_temple, serial_bayou_pond_d, minmay_rat_hole

Notes
Turn   | Place    | Note
-------+----------+-------------------------------------------
     0 | D:1      | Jazqa the Naga Fighter began the quest for the Orb.
     0 | D:1      | Reached XP level 1. HP: 21/21 MP: 1/1
   131 | D:1      | Reached XP level 2. HP: 28/28 MP: 2/2
   412 | D:1      | Reached XP level 3. HP: 25/34 MP: 3/3
   985 | D:2      | Reached skill level 3 in Long Blades
  1597 | D:2      | Found an opulent altar of Gozag.
  1598 | D:2      | Found a glowing silver altar of Zin.
  1661 | D:3      | Found an iron altar of Okawaru.
  1676 | D:3      | Reached XP level 4. HP: 34/44 MP: 4/4
  1755 | D:3      | Reached skill level 4 in Fighting
  1780 | D:3      | Found a sparkling altar of Nemelex Xobeh.
  1899 | D:3      | Found a hazy altar of Hepliaklqana.
  2033 | D:3      | HP: 4/44 [hobgoblin/club (5)]
  2453 | D:3      | Reached XP level 5. HP: 36/50 MP: 5/5
  2459 | D:3      | Reached skill level 4 in Long Blades
  2975 | D:3      | Noticed an ogre
  2981 | D:3      | Slain by an ogre

Vanquished Creatures
  An orc wizard (D:3)
  2 orc priests (D:3)
  2 adders
  2 dart slugs
  A leopard gecko (D:3)
  6 orcs
  2 giant cockroaches
  7 goblins
  7 hobgoblins
  8 jackals
  A quokka (D:3)
  A ball python (D:3)
  6 bats
  5 frilled lizards
  7 kobolds
  21 rats
79 creatures vanquished.
